 Dungeon Crawl Stone Soup version 0.22-a0-848-ge9e22a0 (webtiles) character file.

9 Monsterracer the Skirmisher (level 2, 0/32 HPs)
             Began as an Ogre Chaos Knight on July 26, 2018.
             Succumbed to a kobold's poison
             ... on level 1 of the Dungeon.
             The game lasted 00:00:32 (132 turns).

Monsterracer the Skirmisher (Ogre Chaos Knight)      Turns: 132, Time: 00:00:33

Health: 0/32       AC:  5    Str: 15    XL:     2   Next: 16%
Magic:  2/2        EV: 10    Int: 13    God:    Xom [..*...]
Gold:   14         SH:  0    Dex:  8    Spells: 1/1 levels left

rFire    . . .     SeeInvis .   a - +0 mace (chaos)
rCold    . . .     Gourm    .   (no shield)
rNeg     . . .     Faith    .   b - +2 robe
rPois    .         Spirit   .   (helmet restricted)
rElec    .         Reflect  .   (no cloak)
rCorr    .         Harm     .   (gloves unavailable)
MR       .....                  (boots unavailable)
Stlth    +.........             (no amulet)
HPRegen  0.10/turn              (no ring)
MPRegen  0.08/turn              (no ring)

@: lethally poisoned (0 -> -9)
A: large, unfitting armour, tough skin 1
a: Renounce Religion


You were on level 1 of the Dungeon.
You worshipped Xom.
You were a toy of Xom.
You were not hungry.

You visited 1 branch of the dungeon, and saw 1 of its levels.

You collected 14 gold pieces.

Inventory:

Hand Weapons
 a - a +0 mace of chaos (weapon)
Armour
 b - a +2 robe (worn)
Scrolls
 d - a scroll of identify {unknown}
Comestibles
 c - 2 rations


   Skills:
 - Level 4.0 Fighting
 + Level 3.3 Maces & Flails
 - Level 2.1 Dodging


You had one spell level left.
You didn't know any spells.
Your spell library was empty.

Dungeon Overview and Level Annotations

Branches:
Dungeon (1/15)

Altars:


Innate Abilities, Weirdness & Mutations

You are too large for most types of armour.
You have tough skin. (AC +1)


Message History

You see here a dart slug corpse.
d - a scroll labeled OWNYPHUENI You see here a goblin corpse.
You start resting.
Xom almost notices you.
Water briefly sprays from the dry fountain.
HP restored.
You see here a dart slug corpse.
c - 2 rations (gained 1)
Found 17 stones.
Health restored: 24 An ooze comes into view.
An ooze is nearby!
An ooze is nearby!
A kobold comes into view. It is wielding a short sword of venom.
The kobold shouts!
The ooze quivers.
The kobold throws a stone.
The stone hits you.
You see here a stone.
You take 2 damage, and have 22/24 hp.
The kobold hits you but does no damage.
You are poisoned.
You hit the ooze.
The ooze is heavily wounded.
You feel sick. The ooze closely misses you.
The kobold hits you with a short sword of venom.
You are more poisoned.
You take 2 damage, and have 20/24 hp.
You thump the ooze!
You kill the ooze!
You have reached level 2!
You feel sick. The kobold hits you but does no damage.
You are more poisoned.
You regained 5 hp, and now have 25/32 hp.
MP restored: 2 You feel sick.
You see here a stone.
You take 2 damage, and have 23/32 hp.
You feel sick.
You feel sick.
You take 1 damage, and have 22/32 hp.
You feel sick.
You take 1 damage, and have 21/32 hp.
You hit the kobold but do no damage.
You feel sick. The kobold closely misses you.
You take 1 damage, and have 20/32 hp.
You closely miss the kobold.
You feel sick.
The kobold hits you with a short sword of venom.
* * * LOW HITPOINT WARNING * * *
You are lethally poisoned!
The kobold barely misses you.
You take 4 damage, and have 16/32 hp.
You hit the kobold.
You kill the kobold!
* * * LOW HITPOINT WARNING * * *
You feel sick.
You take 2 damage, and have 14/32 hp.
Unknown command.
Unknown command.
You aren't carrying any potions.
* * * LOW HITPOINT WARNING * * *
You feel sick.
You see here a short sword of venom.
You take 2 damage, and have 12/32 hp.
* * * LOW HITPOINT WARNING * * *
You feel sick.
You take 1 damage, and have 11/32 hp.
* * * LOW HITPOINT WARNING * * *
You feel sick.
You see here a stone.
You take 2 damage, and have 9/32 hp.
* * * LOW HITPOINT WARNING * * *
You feel sick.
* * * LOW HITPOINT WARNING * * *
You feel sick.
You take 1 damage, and have 8/32 hp.
* * * LOW HITPOINT WARNING * * *
You feel sick.
You take 2 damage, and have 6/32 hp.
* * * LOW HITPOINT WARNING * * *
You feel sick.
You take 1 damage, and have 5/32 hp.
You open the door.
A rat comes into view.
* * * LOW HITPOINT WARNING * * *
You feel sick.
Found a scroll labeled SEPLYSE ANETIFA.
You take 1 damage, and have 4/32 hp.
There are no items here.
* * * LOW HITPOINT WARNING * * *
You feel sick.
You take 1 damage, and have 3/32 hp.
* * * LOW HITPOINT WARNING * * *
You feel sick.
You take 1 damage, and have 2/32 hp.
* * * LOW HITPOINT WARNING * * *
You feel sick.
You take 1 damage, and have 1/32 hp.
The rat barely misses you.
You die...
Xom cackles wildly!

#......# #......#
#......# ######
.......### #....#####.
#..††....# #..........
##.....#.#####.........
##...##....##........
##..#..####)##....###.###
..........#..(..@.r..?...
..........##.#....###....
⌠...<...⌠.##.#....# #
..........##.######
.......(..##.#
..#####..###(# .. ...#
#.# . #...# #.# ...##


You could see a rat.

Vanquished Creatures
  An ooze (D:1)
  A dart slug (D:1)
  A goblin (D:1)
  A kobold (D:1)
4 creatures vanquished.

Notes
Turn   | Place    | Note
-------+----------+-------------------------------------------
     0 | D:1      | Monsterracer the Ogre Chaos Knight began the quest for the Orb.
     0 | D:1      | Reached XP level 1. HP: 24/24 MP: 1/1
    30 | D:1      | XOM: silly message
   112 | D:1      | Reached XP level 2. HP: 26/32 MP: 2/2
   118 | D:1      | HP: 16/32 [kobold/short sword of venom (2)]
   123 | D:1      | HP: 9/32 [poisoned by a kobold]
   127 | D:1      | HP: 4/32 [poisoned by a kobold]
   130 | D:1      | HP: 1/32 [poisoned by a kobold]
   132 | D:1      | Succumbed to a kobold's poison

Vault maps used:
D:1:      dpeg_arrival_arbitrary_c

Skill      XL: |  1 |
---------------+----+-----
Maces & Flails | 3 |  3.3
Fighting       | |  4.0
Dodging        | |  2.1

Action                   || total
-------------------------++-------
Melee: Mace              ||     9
Armor: Robe              ||     2
Dodge: Dodged            ||     5

Table legend:
 A = Spawn XP
 B = Non-spawn XP
 C = Spawn XP percentage of total XP
 D = Spawn monster count
 E = Non-spawn monster count
 F = Spawn count percentage of total count
 G = Total turns spent on level
                    A         B        C        D         E        F      G
               +---------+---------+-------+---------+---------+-------+---------
         Total |       0 |      14 |   0.0 |       0 |       4 |   0.0 |   132
               +---------+---------+-------+---------+---------+-------+---------
           D:1 |       0 |      14 |   0.0 |       0 |       4 |   0.0 |   132
               +---------+---------+-------+---------+---------+-------+---------

Vault maps used:
D:1:      dpeg_arrival_arbitrary_c
